 Dungeon Crawl Stone Soup version 0.32-a0-422-g28b100f618 (webtiles) character file.

Game seed: 9550415099513778847

214 shadowstone the Chopper (level 5, -4/45 HPs)
             Began as a Mountain Dwarf Reaver on Feb 21, 2024.
             Slain by a ribbon worm (7 damage)
             ... on level 3 of the Dungeon.
             The game lasted 00:04:33 (11048 turns).

shadowstone the Chopper (Mountain Dwarf Reaver)    Turns: 11048, Time: 00:04:34

Health: -4/45      AC:  4    Str: 15    XL:     5   Next: 60%
Magic:  8/8        EV: 11    Int: 15    God:
Gold:   40         SH:  0    Dex:  8    Spells: 5/8 levels left

rFire   . . .        d - +0 war axe
rCold   . . .        (no shield)
rNeg    . . .        b - +0 leather armour
rPois   .            (no helmet)
rElec   .            (no cloak)
rCorr   .            (no gloves)
SInv    .            h - +0 pair of boots
Will    .....        (no amulet)
Stlth   +            (no ring)
HPRegen 0.27/turn    (no ring)
MPRegen 0.11/turn

%: no passive effects
@: no status effects
A: runic magic, artefact enchanting
a: no special abilities


You were on level 3 of the Dungeon.
You visited 1 branch of the dungeon, and saw 3 of its levels.

You collected 40 gold pieces.

Inventory:

Hand Weapons
 a - a +0 hand axe
 d - a +0 war axe (weapon)
 f - a +2 dagger of venom
Missiles
 e - 6 poisoned darts
Armour
 b - a +0 leather armour (worn)
 h - a +0 pair of boots (worn)
Magical Staves
 c - a staff of earth
Wands
 j - a wand of iceblast (4)
Potions
 g - a potion of enlightenment {unknown}
 i - a potion of heal wounds {unknown}


   Skills:
 + Level 3.1 Fighting
 + Level 5.2 Axes
 + Level 1.8 Armour
 + Level 1.8 Dodging
 + Level 0.3 Stealth
 + Level 2.3 Spellcasting
 + Level 3.4 Conjurations
 + Level 0.2 Translocations


You had 5 spell levels left.
You knew the following spells:

 Your Spells              Type           Power      Damage    Failure   Level
a - Kiss of Death         Conj/Necr      24%        2d7       11%         1
b - Momentum Strike       Conj/Tloc      14%        3d8       16%         2

Your spell library contained the following spells:

 Spells                   Type           Power      Damage    Failure   Level
 Hailstorm                Conj/Ice       6%         3d5       32%         3


Dungeon Overview and Level Annotations

Branches:
Dungeon (3/15)

Altars:

Annotations:
D:3 Natasha


Innate Abilities, Weirdness & Mutations

Your spellcasting is much less encumbered by armour.
You can use scrolls of enchantment on lesser artefacts.


Message History

The adder poisons you!
You struggle to detach yourself from the web.
You feel sick.
Natasha casts a spell.
The ribbon worm bites you. The adder closely misses you.
The ribbon worm barely misses you. The cerulean imp barely misses you.
The web tears apart.
You feel sick. The adder bites you. Natasha closely misses you.
The ribbon worm barely misses you.
The ribbon worm expels a string of sticky webbing.
The stream of webbing misses you. The cerulean imp closely misses you.
The cerulean imp hits you but does no damage.
You slash Natasha!
Natasha is heavily wounded.
You completely miss the adder. You barely miss the ribbon worm.
You hit the ribbon worm.
You feel sick.
You are no longer poisoned.
The adder bites you but does no damage. Natasha claws you but does no damage.
The ribbon worm expels a string of sticky webbing.
The stream of webbing hits you but does no damage.
You are caught in a web!
The cerulean imp hits you from afar with a +1 spear. x2
The adder bites you but does no damage.
The ribbon worm bites you but does no damage.
You struggle to detach yourself from the web.
Natasha claws you. The adder bites you but does no damage.
The cerulean imp barely misses you. x2; The ribbon worm bites you.
* * * LOW HITPOINT WARNING * * *
The web tears apart.
Natasha claws you.
* * * LOW HITPOINT WARNING * * *
The adder misses you. The ribbon worm closely misses you.
The cerulean imp hits you from afar with a +1 spear.
* * * LOW HITPOINT WARNING * * *
The cerulean imp hits you from afar with a +1 spear.
* * * LOW HITPOINT WARNING * * *
You hit Natasha.
Natasha is severely wounded.
You barely miss the ribbon worm. You completely miss the adder.
You hit the ribbon worm. The adder bites you but does no damage.
Natasha zaps a wand.
You resist with some effort. The ribbon worm bites you!
You die...

###+# #....
#.... #....
#....##
#...wS#
#....@#
#...wh#
#..55.#
#.....###
#####...#
#.#.#
#######.#...
#.......#
....
#.#######
.....


You could see 2 ribbon worms, Natasha, 2 cerulean imps and an adder.

Vanquished Creatures
  Sigmund (D:2)
  An adder (D:2)
  6 endoplasms
  2 hobgoblins (D:2)
  4 quokkas
  3 frilled lizards (D:2)
  3 goblins (D:2)
  5 kobolds (D:2)
  4 rats (D:2)
29 creatures vanquished.

Notes
Turn   | Place    | Note
-------+----------+-------------------------------------------
     0 | D:1      | shadowstone the Mountain Dwarf Reaver began the quest for
                  | the Orb.
     0 | D:1      | Reached XP level 1. HP: 17/17 MP: 3/3
     6 | D:1      | You fall into a shaft and drop 1 floor!
   378 | D:2      | Reached XP level 2. HP: 21/25 MP: 4/4
   544 | D:2      | Reached skill level 4 in Axes
   549 | D:2      | Learned a level 2 spell: Momentum Strike
   633 | D:2      | Noticed Sigmund
   643 | D:2      | Killed Sigmund
   644 | D:2      | Reached skill level 5 in Axes
   644 | D:2      | Reached skill level 1 in Armour
   644 | D:2      | Reached XP level 3. HP: 19/31 MP: 1/6
   644 | D:2      | Reached XP level 4. HP: 23/38 MP: 1/7
   644 | D:2      | Reached XP level 5. HP: 28/45 MP: 1/8
 10987 | D:2      | Glimpsed the power of Zot.
 11034 | D:3      | Noticed Natasha
 11047 | D:3      | HP: 2/45 [cerulean imp/+1 spear[Natasha] (5)]
 11048 | D:3      | Slain by a ribbon worm

Illustrated notes

Levels and vault maps discovered:
D:1:      reono_arrival_mine, layout_basic
D:2:      minmay_chambers_of_ones, layout_basic, minmay_pentomino_o4,
          uniq_sigmund
D:3:      layout_basic, hellmonk_ecumenical_altar_heavens_door, uniq_natasha

Skill      XL: |  1  2 |
---------------+-------+-----
Axes           | 5 |  5.2
Spellcasting   | 2 |  2.3
Fighting       | 3 |  3.1
Armour         | 1 |  1.8
Conjurations   | 3 |  3.4
Dodging        | |  1.8
Stealth        | |  0.3
Translocations | |  0.2

Action                     |  1- 3 |  4- 6 || total
---------------------------+-------+-------++-------
  Melee: Hand axe          |     8 |       ||     8
         War axe           |    17 |    40 ||    57
   Cast: Momentum Strike   |     2 |       ||     2
 Armour: Leather armour    |    20 |    51 ||    71
  Dodge: Dodged            |    18 |    38 ||    56

Table legend: (Time is in decaauts)
 A = Elapsed time spent in this place.
 B = Non-inter-level travel time spent in this place.
 C = Inter-level travel time spent in this place.
 D = Time resting spent in this place.
 E = Time spent auto-exploring this place.
 F = Levels seen in this place.
 G = Mean time per level.
                   A        B        C        D        E       F      G
               +--------+--------+--------+--------+--------+-----+--------+
         Total |  11062 |  11035 |     27 |  10161 |    331 |   3 | 3687.3 |
       Dungeon |  11062 |  11035 |     27 |  10161 |    331 |   3 | 3687.3 |
               +--------+--------+--------+--------+--------+-----+--------+

Top non-repeatable levels by time:
     D:2: 11020 daAuts
     D:3: 35 daAuts
     D:1: 6 daAuts
